 Dungeon Crawl Stone Soup version 0.19.0-1-g5985abe (webtiles) character file.

240495 cedor the Tortoise (level 19, -12/163 HPs)
             Began as a Hill Orc Warper on Oct 30, 2016.
             Was the Champion of Beogh.
             Killed from afar by Margery (38 damage)
             ... with a bolt of fire
             ... on level 3 of the Vaults on Nov 2, 2016.
             The game lasted 06:08:48 (40249 turns).

cedor the Tortoise (Hill Orc Warper)               Turns: 40249, Time: 06:08:49

Health: -12/163    AC: 35    Str: 33    XL:     19   Next: 33%
Magic:  33/35      EV: 15    Int: 21    God:    Beogh [******]
Gold:   1373       SH: 21    Dex: 18    Spells: 10 memorised, 2 levels left

rFire  . . .     SeeInvis +     a - +8 eveningstar "Mueqor" {freeze, Stlth+}
rCold  . . .     Gourm    .     L - +7 chain mail "Quukas" {MR+ Str+8}
rNeg   . . .     Faith    .     M - +5 shield of Xuditump {rPois Int+2 Stlth+}
rPois  +         Spirit   .     c - +2 hat
rElec  .         Reflect  .     E - +1 cloak
rCorr  .         Harm     .     w - +1 pair of gloves
MR     ++...                    H - +0 pair of boots of the Garden {MP+9 Str+4 Dex+3}
Stlth  ++........               X - amulet of rage
                                D - +5 ring of protection
                                F - ring of see invisible

@: mighty, agile, about to teleport, very slightly contaminated, hasted, very
quick
A: walk on water
a: Smiting, Recall Orcish Followers, Give Item to Named Follower, Resurrection,
Renounce Religion, Evoke Berserk Rage
}: 2/15 runes: decaying, gossamer


You were on level 3 of the Vaults.
You worshipped Beogh.
Beogh was exalted by your worship.
You were not hungry.

You visited 7 branches of the dungeon, and saw 35 of its levels.

You collected 2583 gold pieces.
You spent 1210 gold pieces at shops.


   Skills:
 + Level 13.2 Fighting
   Level 12.8(16.5) Axes
 - Level 15.0(16.2) Maces & Flails
 - Level 4.6 Throwing
 + Level 16.9 Armour
 - Level 1.5 Dodging
 - Level 15.1 Shields
 - Level 5.0 Spellcasting
 - Level 4.1 Hexes
 - Level 6.0 Charms
 + Level 11.1 Translocations
 - Level 10.0 Invocations
 - Level 1.2 Evocations


You had 2 spell levels left.
You knew the following spells:

 Your Spells              Type           Power        Failure   Level  Hunger
a - Shroud of Golubria    Chrm/Tloc      #####.....   1%          2    None
b - Blink                 Tloc           N/A          1%          2    None
c - Slow                  Hex            ###.....     12%         2    None
u - Gell's Gravitas       Hex/Tloc       #####.....   4%          3    ##.....
v - Confuse               Hex            ###.....     21%         3    ##.....
w - Passage of Golubria   Tloc           N/A          3%          4    ####...
x - Portal Projectile     Tloc           ######       1%          3    ##.....
y - Lesser Beckoning      Tloc           ######....   1%          3    ##.....
z - Teleport Other        Tloc           ######..     1%          3    ##.....
Z - Corona                Hex            ###....      8%          1    None

Inventory:

Hand Weapons
 a - the +8 eveningstar "Mueqor" (weapon) {freeze, Stlth+}

   It has been specially enchanted to freeze those struck by it, causing extra
   injury to most foes and up to half again as much damage against particularly
   susceptible opponents.
   It can also slow down cold-blooded creatures.
   It makes you more stealthy.
 b - a +1 blowgun
 o - a +2 morningstar of holy wrath
Missiles
 e - 4 tomahawks of dispersal {=f}
 l - 6 throwing nets {=f}
 t - 6 needles of confusion
 A - 10 curare-tipped needles {=f}
 V - 47 tomahawks (quivered)
Armour
 c - a +2 hat (worn)
 w - a +1 pair of gloves (worn)
 E - a +1 cloak (worn)
 H - the +0 pair of boots of the Garden (worn) {MP+9 Str+4 Dex+3}

   It affects your strength (+4).
   It affects your dexterity (+3).
   It affects your magic capacity (+9).
 L - the +7 chain mail "Quukas" (worn) {MR+ Str+8}

   It affects your strength (+8).
   It affects your resistance to hostile enchantments.
 M - the +5 shield of Xuditump (worn) {rPois Int+2 Stlth+}

   It affects your intelligence (+2).
   It protects you from poison.
   It makes you more stealthy.
 W - +0 fire dragon scales
Jewellery
 j - an uncursed ring of ice
 q - an uncursed ring of stealth
 r - a +6 ring of dexterity
 D - a +5 ring of protection (right hand)
 F - a ring of see invisible (left hand)
 K - an uncursed ring of protection from magic
 X - an amulet of rage (around neck)
Wands
 h - a wand of acid (0/15)
 C - a wand of teleportation (7/9) {!d@v4}
 O - a wand of disintegration (7/24)
 S - a wand of iceblast (1/15)
 T - a wand of digging (6/24)
Scrolls
 d - 8 scrolls of blinking
 n - a scroll of immolation {!r}
 p - a scroll of holy word
 y - 5 scrolls of magic mapping
 B - 7 scrolls of identify {@r1}
 I - 11 scrolls of remove curse
 R - 2 scrolls of fog
 U - 6 scrolls of vulnerability {!r}
 Z - 4 scrolls of teleportation {@r4}
Potions
 g - a potion of resistance
 i - 2 potions of curing {@q1}
 k - a potion of berserk rage {!q}
 m - 3 potions of invisibility
 u - 2 potions of brilliance
 v - 4 potions of cancellation
 z - 5 potions of flight
 G - 7 potions of might
 Y - 3 potions of agility
Miscellaneous
 s - a phial of floods
Comestibles
 f - 11 bread rations
 x - a chunk of flesh
 P - 9 meat rations

Dungeon Overview and Level Annotations

Branches:
Dungeon (15/15)              Lair (6/6) D:8           Swamp (4/4) Lair:3
 Spider (4/4) Lair:2        Slime (0/5) Lair:5          Orc (2/2) D:10
    Elf (0/3) Orc:2        Vaults (3/5) D:14         Depths (1/5) D:15
 Temple: D:4-7        Crypt: Vaults:2-3

Altars:
Ashenzari
Cheibriados
Elyvilon
Gozag
Kikubaaqudgha
Ru
Trog
Uskayaw
Zin
The Shining One
Beogh

Shops:
D:8 [   D:9 !   D:12 (   Orc:2 :}:   Depths:1 =

Annotations:
D:4 Sagrath01's ghost, amateur HOGl
Lair:3 exclusion: oklob plant
Vaults:3 Margery

.......▒ ▒..(.<(.......▒
.......▒ ▒.............▒
.......▒ ▒.[.<.........▒
.......▒ ▒.............▒
.......▒ ▒...[.........▒
.......▒ ▒.(([.........▒
.......▒
▒▒▒▒▒▒'▒▒▒+▒▒▒▒▒▒▒▒
.......▒
▒.....p▒..........▒
▒▒▒▒▒▒▒▒
▒.o.V.(▒.....[....▒ )▒
▒.....pp..........▒ .▒
▒....@.▒..........▒ .▒
▒....c.▒..........▒ .▒
▒...(W.▒..........▒ .▒
▒.#...p▒▒▒▒▒▒▒▒▒▒▒▒ .▒
▒...?).▒
.▒▒▒▒▒▒▒▒▒▒▒▒▒▒▒▒▒▒▒(▒▒▒▒▒▒
.'...............e.e......▒


You could see Margery, a vault warden (fleeing), a vampire knight (invisible), a
vault sentinel (fleeing), 2 ironbrand convokers, a yaktaur and a shadow
(invisible).


Message History

* * * LOW HITPOINT WARNING * * *
The vault sentinel blows a loud note on a signal horn!
Okay, then.
Casting: Lesser Beckoning
Confirm with . or Enter, or press ? or * to list all spells.
You blink.
The ironbrand convoker gestures at the ironbrand convoker while chanting.
The ironbrand convoker seems to grow stronger.
The deep elf archer shoots an arrow.
The arrow closely misses you.
As you read the scroll of fear, it crumbles to dust.
You assume a fearsome visage.
The ironbrand convoker looks frightened!
The vampire knight is unaffected.
The shadow is unaffected.
The vault warden looks frightened!
The ironbrand convoker looks frightened!
The deep elf archer looks frightened!
The vault sentinel looks frightened!
Margery easily resists.
The yaktaur looks frightened!
The yaktaur easily resists.
You block the vampire knight's attack. Margery casts a spell at you.
The bolt of fire misses you.
As you read the scroll of teleportation {@r4}, it crumbles to dust.
You feel strangely unstable.
The vampire knight casts a spell at you.
You resist with almost no effort.
An ironbrand convoker opens the door.
The deep elf archer blinks!
A vault sentinel opens the door.
The shadow slips into darkness.
The shadow flickers and vanishes for a moment.
Margery points at you and mumbles some strange words.
The bolt of fire hits you!
You die...

Action                   |  1- 3 |  4- 6 |  7- 9 | 10-12 | 13-15 | 16-18 | 19-21 || total
-------------------------+-------+-------+-------+-------+-------+-------+-------++-------
Melee: Hand axe          |   123 |   167 |    63 |       |       |       |       ||   353
       Whip              |       |       |   465 |    88 |       |       |       ||   553
       War axe           |       |       |    17 |       |       |       |       ||    17
       Broad axe         |       |       |       |   231 |    94 |       |       ||   325
       Flail             |       |       |       |    85 |    33 |       |       ||   118
       Eveningstar       |       |       |       |       |   595 |  1353 |   200 ||  2148
 Fire: Blowgun           |       |     4 |       |       |       |     2 |       ||     6
Throw: Stone             |       |     6 |     7 |     1 |       |       |       ||    14
       Tomahawk          |       |       |     5 |     1 |     2 |    15 |       ||    23
 Cast: Shroud of Golubri |     1 |    10 |    33 |     3 |    12 |    12 |     3 ||    74
       Blink             |       |     1 |     5 |     3 |    18 |    15 |     1 ||    43
       Corona            |       |       |     1 |     4 |     8 |     1 |       ||    14
       Lesser Beckoning  |       |       |       |     5 |    10 |    91 |    14 ||   120
       Teleport Other    |       |       |       |       |     4 |     4 |       ||     8
       Slow              |       |       |       |       |     4 |     2 |       ||     6
       Portal Projectile |       |       |       |       |       |     1 |       ||     1
       Gell's Gravitas   |       |       |       |       |       |     3 |       ||     3
       Confuse           |       |       |       |       |       |       |     1 ||     1
Invok: Convert to Beogh  |       |     1 |       |       |       |       |       ||     1
       Recall Orcish Fol |       |       |       |    11 |    12 |    14 |       ||    37
       Stop Recall       |       |       |       |     5 |    10 |     6 |       ||    21
       Resurrection      |       |       |       |     1 |       |     3 |       ||     4
       Give Item to Name |       |       |       |       |       |     1 |       ||     1
 Abil: Evoke Berserk Rag |       |       |       |       |       |     1 |     1 ||     2
Evoke: Wand              |       |       |     2 |     6 |     7 |     2 |       ||    17
  Use: Scroll            |       |     5 |     8 |    14 |    10 |     3 |     2 ||    42
       Potion            |       |     4 |     3 |       |     1 |     5 |     5 ||    18
 Stab: Sleeping          |     1 |       |     1 |     3 |     8 |     1 |       ||    14
       Invisible         |       |     1 |       |       |       |       |       ||     1
       Paralysed         |       |       |     2 |       |       |       |       ||     2
       Distracted        |       |       |     2 |     6 |     7 |     7 |     1 ||    23
       Confused          |       |       |       |       |     1 |       |       ||     1
  Eat: Chunk             |     3 |     3 |    10 |    15 |    16 |    20 |     3 ||    70
       Meat ration       |       |     1 |       |     1 |     1 |       |       ||     3
       Pizza             |       |     1 |       |       |     1 |     3 |       ||     5
       Beef jerky        |       |       |     4 |     1 |       |     4 |       ||     9
       Fruit             |       |       |     1 |       |       |       |       ||     1
       Royal jelly       |       |       |       |     1 |     1 |       |       ||     2
       Bread ration      |       |       |       |     1 |     1 |     4 |     1 ||     7
Armor: Leather armour    |    35 |    54 |   150 |    69 |    80 |       |       ||   388
       Fire dragon scale |       |       |       |       |   234 |   214 |       ||   448
       Chain mail        |       |       |       |       |       |   412 |    68 ||   480
       Scale mail        |       |       |       |       |       |     1 |       ||     1
Dodge: Dodged            |    86 |    94 |   257 |   139 |   201 |   396 |    44 ||  1217
Block: Buckler           |       |    37 |   126 |    76 |       |       |       ||   239
       Shield            |       |       |       |   138 |   687 |  1258 |   172 ||  2255

Vault maps used:
D:1:      lightli_arrival_lavapool, roderic_chinese_pattern_swastika
D:2:      ecumenical_altar_2
D:3:      lemuel_doored_altar, first_bread, hex_intersection,
          minmay_goblin_outpost
D:4:      serial_shops, shop
D:5:      uniq_eustachio
D:6:      kennysheep_kobold_camp, nicolae_ru_great_annihilating_truth
D:7:      marbit_many_paths, overflow_temple_1_default, kennysheep_mini,
          evilmike_ruin_ashenzari
D:8:      lemuel_coloured_pillars_altar, erik_lair_orcish_takeover, basic_altar,
          serial_shops, shop_statue, hangedman_little_slice_of_home,
          chei_slow_surprise
D:9:      kennysheep_mini_moat, lemuel_crystal_altar, tso_oasis_becter,
          serial_shops, shop
D:10:     orc_0_dummy
D:12:     serial_shops, nicolae_shop_temple_entry_statues_fountains
D:14:     erik_vaults_1, minmay_stone_trees_small, lightli_church_of_beogh
D:15:     gammafunk_depths_entry_grave, uniq_rupert
Lair:1:   beast_lair_carwin_9, lemuel_fruit_tree, serial_bayou_shore_b,
          serial_bayou_shore_a
Lair:2:   spider_nest_entry_rubble, uniq_nergalle, uniq_fannar
Lair:3:   minmay_swamp_entry_wisps, serial_bayou_pond_b,
          grunt_forest_small_clearing_treed, uniq_sonja, uniq_harold,
          uniq_gastronok
Lair:4:   beast_lair_carwin_3
Lair:5:   slime_dummy, grunt_megastairs_3
Lair:6:   hangedman_lair_caniforms_friends, guppyfry_lair_end_dragon,
          grunt_megastairs_5, serial_bayou_shore_b, infiniplex_staircase_pool
Swamp:1:  evilmike_swamp_ruin_rubble_2
Swamp:2:  evilmike_swamp_ruin_house_6
Swamp:3:  evilmike_swamp_ruin_rubble_1
Swamp:4:  swamp_basic_johnstein
Spider:3: uniq_nikola
Spider:4: spider_rune_water, spider_trap
Orc:1:    basic_altar, minmay_orc_barracks, uniq_urug, uniq_erolcha, uniq_erica
Orc:2:    st_orc_mages, mines2_david
Vaults:1: v_misc_3, vaults_standard_mumra_lines, ontoclasm_vaults_shuriken,
          dpeg_vaults_monster_doublerow, v_misc_12,
          nicolae_vaults_diagonal_hallway_8, nicolae_vaults_three_branches,
          nicolae_vaults_gold_heap, hangedman_vaults_cutoff,
          ontoclasm_vaults_chip, vaults_dpeg_ring
Vaults:2: v_misc_11, nicolae_vaults_little_squares_3,
          ontoclasm_vaults_misaligned, v_rooms_4, v_misc_19,
          vaults_room_semicircle, v_alt_pattern_2, v_misc_22,
          ontoclasm_vaults_bender, v_misc_10, uniq_xtahua
Vaults:3: nicolae_vaults_stairing_the_circle, grunt_vaults_hallway_long,
          minmay_crypt_entry_simple_walls, nicolae_vaults_network_s,
          st_diamondy, nicolae_vaults_big_angled_halls,
          nicolae_vaults_angled_halls, nicolae_vaults_rhombus_7, v_pattern_5,
          vaults_mumra_chevron, v_misc_19, vaults_dpeg_hooks, uniq_margery,
          uniq_saint_roka
Depths:1: enter_ziggurat_b, serial_shops, shop, abyss_entry,
          grunt_mini_vestibule, nrook_kobold_shadow_demons

Notes
Turn   | Place    | Note
-------+----------+-------------------------------------------
     0 | D:1      | cedor the Hill Orc Warper began the quest for the Orb.
     0 | D:1      | Reached XP level 1. HP: 18/18 MP: 3/3
    28 | D:1      | HP: 1/18 [hobgoblin/club (6)]
   361 | D:1      | Reached skill level 3 in Axes
   409 | D:1      | Reached XP level 2. HP: 5/25 MP: 4/4
   660 | D:1      | Learned a level 2 spell: Blink
   663 | D:1      | Learned a level 2 spell: Shroud of Golubria
  1163 | D:2      | Reached skill level 2 in Armour
  1248 | D:2      | Reached XP level 3. HP: 15/30 MP: 2/5
  1431 | D:2      | Found a faded altar of an unknown god.
  1550 | D:2      | Reached skill level 3 in Fighting
  1845 | D:2      | Reached XP level 4. HP: 33/38 MP: 6/6
  2082 | D:3      | Found a glowing silver altar of Zin.
  2149 | D:3      | Reached skill level 2 in Spellcasting
  2458 | D:3      | Became a worshipper of Beogh the Brigand
  2531 | D:3      | Reached skill level 1 in Shields
  3102 | D:3      | Learned a level 3 spell: Teleport Other
  3130 | D:4      | Reached XP level 5. HP: 10/45 MP: 8/8
  3423 | D:4      | Reached skill level 2 in Shields
  3423 | D:4      | Reached skill level 1 in Charms
  3561 | D:4      | Noticed Sagrath01's ghost (amateur HOGl)
  3648 | D:3      | Noticed a sky beast
  3955 | D:3      | Reached * piety under Beogh
  3955 | D:3      | Reached skill level 4 in Axes
  3955 | D:3      | Reached XP level 6. HP: 24/51 MP: 4/9
  4146 | D:3      | Killed a sky beast
  4146 | D:3      | Reached skill level 3 in Translocations
  4359 | D:5      | Entered Level 5 of the Dungeon
  4373 | D:5      | Noticed a sky beast
  4399 | D:5      | Reached skill level 3 in Armour
  4507 | D:5      | Killed a sky beast
  4507 | D:5      | Reached skill level 4 in Fighting
  4507 | D:5      | Reached skill level 3 in Shields
  4507 | D:5      | Reached XP level 7. HP: 35/59 MP: 5/10
  4791 | D:5      | Reached skill level 2 in Charms
  4847 | D:5      | HP: 4/59 [orc wizard/magic dart (8)]
  5246 | D:5      | Reached skill level 4 in Armour
  5443 | D:5      | Noticed Eustachio
  5457 | D:5      | Killed Eustachio
  5457 | D:5      | Reached skill level 5 in Axes
  5457 | D:5      | Reached skill level 4 in Shields
  5665 | D:6      | Reached XP level 8. HP: 66/66 MP: 8/11
  5743 | D:6      | Reached skill level 1 in Maces & Flails
  5783 | D:6      | Got an ancient leather armour
  5794 | D:6      | Reached skill level 5 in Shields
  5828 | D:6      | Identified the +4 leather armour "Idewkel" {Dex+2} (You found it on level 6 of the Dungeon)
  5940 | D:5      | Reached skill level 3 in Charms
  5989 | D:6      | Reached skill level 2 in Maces & Flails
  5989 | D:6      | Reached skill level 4 in Translocations
  6093 | D:6      | Found a sacrificial altar of Ru.
  6195 | D:6      | Reached ** piety under Beogh
  6275 | D:6      | Reached skill level 3 in Maces & Flails
  6275 | D:6      | Reached skill level 5 in Armour
  6594 | D:7      | Found a bloodstained altar of Trog.
  6626 | D:7      | Noticed a hippogriff
  6646 | D:7      | Killed a hippogriff
  6653 | D:7      | Learned a level 1 spell: Corona
  6679 | D:7      | Found an opulent altar of Gozag.
  6690 | D:7      | Reached skill level 5 in Fighting
  6690 | D:7      | Reached skill level 4 in Maces & Flails
  6690 | D:7      | Reached XP level 9. HP: 38/74 MP: 10/12
  6885 | D:7      | Upgraded the game from 0.19-b1-4-gd8a0a2a to 0.19-b1-5-gdc9fa9d
  6887 | D:7      | Found a shattered altar of Ashenzari.
  7111 | D:7      | Noticed a manticore
  7532 | D:8      | Noticed a two-headed ogre
  7568 | D:8      | Killed a two-headed ogre
  7568 | D:8      | Reached skill level 5 in Maces & Flails
  7568 | D:8      | Reached skill level 1 in Hexes
  7585 | D:8      | Reached *** piety under Beogh
  7601 | D:8      | Reached skill level 6 in Armour
  8075 | D:8      | Found a shattered altar of Ashenzari.
  8107 | D:8      | Got a scorched war axe
  8115 | D:8      | Identified the +9 war axe of Imbalance {antimagic, MP+9 Str+2} (You found it on level 8 of the Dungeon)
  8144 | D:8      | Found a staircase to the Lair.
  8152 | D:8      | Reached skill level 6 in Fighting
  8157 | D:8      | HP: 6/75 [warg (12)]
  8163 | D:8      | Reached skill level 2 in Hexes
  8349 | D:8      | Reached skill level 6 in Maces & Flails
  8354 | D:8      | Learned a level 3 spell: Portal Projectile
  8484 | D:8      | Found a snail-covered altar of Cheibriados.
  8608 | D:8      | Reached skill level 5 in Translocations
  8617 | D:8      | Found Hauloeji's Antique Armour Boutique.
  8661 | D:8      | Bought a pair of crude boots for 285 gold pieces
  8671 | D:8      | Identified the +0 pair of boots of the Garden {MP+9 Str+4 Dex+3} (You bought it in a shop on level 8 of the Dungeon)
  8847 | Lair:1   | Entered Level 1 of the Lair of Beasts
  8868 | Lair:1   | Noticed a queen bee
  8877 | Lair:1   | Reached XP level 10. HP: 78/84 MP: 13/13
  8878 | Lair:1   | Reached **** piety under Beogh
  8897 | Lair:1   | Reached skill level 3 in Hexes
  8912 | Lair:1   | Reached skill level 1 in Invocations
  8942 | Lair:1   | Reached skill level 2 in Invocations
  8945 | Lair:1   | Reached skill level 7 in Maces & Flails
  8955 | Lair:1   | Reached skill level 3 in Spellcasting
  9290 | Lair:1   | Reached skill level 3 in Invocations
  9346 | Lair:1   | Reached skill level 7 in Armour
  9346 | Lair:1   | Reached skill level 6 in Shields
  9433 | Lair:1   | Identified a scroll of acquirement
  9450 | Lair:1   | Reached skill level 7 in Fighting
  9479 | Lair:1   | Identified An Early Guide to Spellweaving
  9547 | Lair:1   | Learned a level 3 spell: Lesser Beckoning
  9876 | Lair:1   | Identified a potion of resistance
 10044 | Lair:2   | Noticed Fannar
 10050 | Lair:2   | Noticed Nergalle
 10052 | Lair:2   | Killed Fannar
 10052 | Lair:2   | Reached skill level 6 in Axes
 10058 | Lair:2   | Killed Nergalle
 10065 | Lair:2   | Reached XP level 11. HP: 64/92 MP: 15/15
 10066 | Lair:2   | Reached skill level 7 in Axes
 10074 | Lair:2   | Reached ***** piety under Beogh
 10354 | Lair:2   | Reached skill level 8 in Fighting
 10478 | Lair:2   | Found a hole to the Spider Nest.
 10519 | Lair:2   | Reached skill level 7 in Shields
 10605 | Lair:2   | Reached skill level 8 in Axes
 10713 | Lair:2   | Noticed a seven-headed hydra
 10723 | Lair:2   | Killed a seven-headed hydra
 10886 | Lair:2   | Reached skill level 8 in Armour
 11707 | Lair:2   | Learned a level 2 spell: Slow
 11859 | D:8      | Reached skill level 9 in Axes
 11981 | D:8      | Found an ancient bone altar of Kikubaaqudgha.
 12073 | D:9      | Reached skill level 8 in Shields
 12073 | D:9      | Reached skill level 6 in Translocations
 12093 | D:9      | Found a hide-covered altar of Uskayaw.
 12142 | D:9      | Found Cuyppoust's Distillery.
 12393 | D:9      | Reached skill level 1 in Evocations
 12682 | D:9      | Found a white marble altar of Elyvilon.
 12742 | D:9      | Noticed skk's ghost (novice OpEn)
 12751 | D:9      | Killed skk's ghost
 13140 | D:9      | Found a glowing golden altar of the Shining One.
 13286 | D:10     | Entered Level 10 of the Dungeon
 13289 | D:10     | Reached XP level 12. HP: 103/103 MP: 16/16
 13381 | D:8      | Bought a steaming shield for 285 gold pieces
 13391 | D:8      | Identified the +5 shield of Xuditump {rPois Int+2 Stlth+} (You bought it in a shop on level 8 of the Dungeon)
 13512 | D:10     | Reached skill level 9 in Shields
 13586 | D:10     | Reached skill level 10 in Axes
 13922 | D:10     | Found a staircase to the Orcish Mines.
 14223 | D:11     | Noticed a five-headed hydra
 14229 | D:11     | Killed a five-headed hydra
 14229 | D:11     | Gained Bogwald as an ally
 14343 | D:11     | Gained Morguth as an ally
 14343 | D:11     | Reached skill level 9 in Armour
 14515 | D:11     | Reached skill level 10 in Shields
 14544 | D:11     | Reached ****** piety under Beogh
 14626 | D:11     | Gained Bogric as an ally
 14902 | D:12     | Reached skill level 4 in Spellcasting
 14947 | D:12     | Gained Orik as an ally
 14966 | D:12     | Found Rilehayw's Antique Weapon Shoppe.
 14974 | D:12     | Noticed Oozefury's ghost (journeyman DEFE)
 14984 | D:12     | Killed Oozefury's ghost
 15052 | D:12     | Got a fine quarterstaff
 15346 | D:13     | Your ally Orik died
 15392 | D:12     | Noticed a five-headed hydra
 15404 | D:12     | Killed a five-headed hydra
 16067 | D:13     | Reached skill level 11 in Axes
 16364 | D:13     | Reached skill level 11 in Shields
 16396 | D:13     | Gained Grimold as an ally
 16647 | D:14     | Noticed a centaur warrior
 16655 | D:14     | Killed a centaur warrior
 16659 | D:14     | Reached XP level 13. HP: 92/110 MP: 20/20
 16806 | D:14     | Found a gate to the Vaults.
 16908 | D:14     | Found a runed door.
 16938 | D:14     | Paralysed by an orc sorcerer for 6 turns
 16940 | D:14     | Reached skill level 10 in Armour
 16946 | D:14     | Gained Spirok as an ally
 16947 | D:14     | Reached skill level 5 in Spellcasting
 16964 | D:14     | Found a roughly hewn altar of Beogh.
 17164 | D:15     | Entered Level 15 of the Dungeon
 17175 | D:15     | Reached skill level 12 in Shields
 17207 | D:15     | Reached skill level 12 in Axes
 17753 | D:15     | Found a staircase to the Depths.
 17771 | D:15     | Reached skill level 13 in Shields
 17774 | D:15     | Gained Wulfoc as an ally
 17786 | D:15     | Your ally Wulfoc died
 17829 | D:15     | Noticed Rupert
 17836 | D:15     | Killed Rupert
 17836 | D:15     | Reached skill level 11 in Armour
 18630 | Lair:2   | Learned a level 4 spell: Passage of Golubria
 18767 | Orc:1    | Entered Level 1 of the Orcish Mines
 18868 | Orc:2    | Entered Level 2 of the Orcish Mines
 18957 | Orc:2    | Found a staircase to the Elven Halls.
 18977 | Orc:2    | Reached XP level 14. HP: 93/116 MP: 21/21
 19101 | D:12     | Bought an ancient eveningstar for 640 gold pieces
 19101 | D:12     | Identified the +8 eveningstar "Mueqor" {freeze, Stlth+} (You bought it in a shop on level 12 of the Dungeon)
 19385 | Lair:3   | Noticed Gastronok
 19395 | Lair:3   | Killed Gastronok
 19630 | Lair:3   | Noticed Sonja
 19634 | Lair:3   | Noticed Harold
 19637 | Lair:3   | Killed Sonja
 19639 | Lair:3   | Killed Harold
 19640 | Lair:3   | Found a staircase to the Swamp.
 19814 | Lair:3   | Reached skill level 8 in Maces & Flails
 20371 | Lair:4   | Reached skill level 14 in Shields
 20371 | Lair:4   | Gained Wulfoc as an ally
 20518 | Lair:4   | Noticed Inkary's ghost (journeyman DsFi)
 20526 | Lair:4   | Killed Inkary's ghost
 20585 | Lair:4   | Identified the Handbook of Flight and the Escort
 20610 | Lair:4   | Reached skill level 9 in Maces & Flails
 21454 | Lair:5   | Noticed Galewind's ghost (journeyman DECj)
 21459 | Lair:5   | Killed Galewind's ghost
 21740 | Lair:6   | Entered Level 6 of the Lair of Beasts
 21783 | Lair:6   | Noticed nikopol's ghost (journeyman HOBe)
 21798 | Lair:6   | Killed nikopol's ghost
 21802 | Lair:6   | Reached skill level 12 in Armour
 21919 | Lair:6   | Reached skill level 10 in Maces & Flails
 22867 | Swamp:1  | Entered Level 1 of the Swamp
 22873 | Swamp:1  | Reached skill level 15 in Shields
 22979 | Swamp:1  | Reached XP level 15. HP: 75/123 MP: 22/22
 23010 | Swamp:1  | Reached skill level 1 in Throwing
 23228 | Swamp:1  | Reached skill level 9 in Fighting
 23250 | Swamp:1  | Reached skill level 2 in Throwing
 23637 | Swamp:2  | Reached skill level 11 in Maces & Flails
 23701 | Swamp:2  | Your ally Wulfoc died
 23703 | Swamp:2  | Your ally Morguth died
 23913 | Swamp:3  | Reached skill level 3 in Throwing
 24056 | Swamp:3  | Got a scorched battleaxe
 24062 | Swamp:3  | Identified the +3 battleaxe of Debt {chop, rPois SInv} (You found it on level 3 of the Swamp)
 24173 | Swamp:4  | Entered Level 4 of the Swamp
 24225 | Swamp:4  | Reached skill level 4 in Throwing
 25016 | Swamp:4  | Reached skill level 7 in Translocations
 25026 | Swamp:4  | Reached skill level 13 in Armour
 25435 | Swamp:4  | Gained Hawl as an ally
 25454 | Swamp:4  | Noticed a thorn hunter
 25469 | Swamp:4  | Killed a thorn hunter
 25469 | Swamp:4  | Reached skill level 10 in Fighting
 25496 | Swamp:4  | Reached skill level 4 in Charms
 25501 | Swamp:4  | Reached XP level 16. HP: 88/134 MP: 23/23
 25510 | Swamp:4  | Your ally Hawl died
 25561 | Swamp:4  | Identified a wand of teleportation
 25703 | Swamp:4  | Reached skill level 12 in Maces & Flails
 25836 | Swamp:4  | Got a decaying rune of Zot
 26151 | Spider:1 | Entered Level 1 of the Spider Nest
 26506 | Spider:1 | Reached skill level 8 in Translocations
 26772 | Spider:1 | HP: 5/134 [spark wasp (12)]
 27381 | Orc:2    | Found Tynner's Gadget Emporium.
 27381 | Orc:2    | Found Linatish's Book Shoppe.
 27381 | Orc:2    | Found Tackeuc's General Store.
 27387 | Orc:2    | Found Pisigeh's Book Emporium.
 27391 | Orc:2    | Gained Urtork as an ally
 27722 | Orc:2    | Found a roughly hewn altar of Beogh.
 28221 | Vaults:1 | Entered Level 1 of the Vaults
 28301 | Vaults:1 | Reached skill level 4 in Invocations
 28531 | Vaults:1 | Reached skill level 13 in Maces & Flails
 28531 | Vaults:1 | Reached skill level 5 in Invocations
 28544 | Vaults:1 | Your ally Spirok died
 28552 | Vaults:1 | Your ally Grimold died
 28567 | Vaults:1 | Your ally Urtork died
 28577 | Vaults:1 | Your ally Grimold died
 29206 | Vaults:1 | Reached skill level 6 in Invocations
 29424 | Vaults:1 | Paralysed by an orc sorcerer for 3 turns
 29808 | Vaults:1 | Reached skill level 14 in Armour
 29836 | Vaults:1 | Reached skill level 14 in Maces & Flails
 30083 | D:11     | Reached XP level 17. HP: 140/140 MP: 24/24
 30304 | Lair:2   | Learned a level 3 spell: Confuse
 30530 | Depths:1 | Entered Level 1 of the Depths
 30530 | Depths:1 | Found Eblopha's Jewellery Emporium.
 31099 | Vaults:2 | Gained Marbaugh as an ally
 31510 | Vaults:2 | Reached skill level 15 in Maces & Flails
 31825 | Vaults:2 | Gained Jorge as an ally
 31838 | Vaults:2 | Got a bloodstained scale mail
 31849 | Vaults:2 | Identified the +0 scale mail "Sinuir" {Str+3} (You found it on level 2 of the Vaults)
 32115 | Vaults:2 | Reached skill level 5 in Charms
 32299 | Vaults:2 | Reached skill level 7 in Invocations
 32308 | Vaults:2 | Noticed Xtahua
 32312 | Vaults:2 | Your ally Jorge died
 32319 | Vaults:2 | Killed Xtahua
 32319 | Vaults:2 | Reached skill level 15 in Armour
 33008 | Vaults:1 | Got a scorched chain mail
 33019 | Vaults:1 | Identified the +7 chain mail "Quukas" {MR+ Str+8} (You found it on level 1 of the Vaults)
 33045 | Vaults:1 | Got a faintly glowing scale mail
 33056 | Vaults:1 | Identified the +1 scale mail of Dithmenos's Pride {Slay+6} (You found it on level 1 of the Vaults)
 33091 | Vaults:1 | Reached skill level 8 in Invocations
 33407 | Lair:2   | Upgraded the game from 0.19-b1-5-gdc9fa9d to 0.19.0
 33484 | Spider:1 | Reached skill level 6 in Charms
 33549 | Spider:1 | Reached skill level 9 in Translocations
 33741 | Lair:2   | Learned a level 3 spell: Gell's Gravitas
 33859 | Spider:1 | Reached skill level 4 in Hexes
 34363 | Spider:2 | Reached XP level 18. HP: 135/149 MP: 25/25
 34885 | Spider:1 | Upgraded the game from 0.19.0 to 0.19.0-1-g5985abe
 34996 | Spider:1 | Gained Zorug as an ally
 34996 | Spider:1 | Gained Syrus as an ally
 34996 | Spider:1 | Gained Spirok as an ally
 35210 | Lair:5   | Reached skill level 11 in Fighting
 35370 | Lair:5   | Found a staircase to the Slime Pits.
 35769 | Spider:2 | Your ally Spirok died
 35794 | Spider:2 | Your ally Syrus died
 36039 | Spider:2 | Your ally Zorug died
 36212 | Spider:2 | Reached skill level 10 in Translocations
 36447 | Spider:3 | Noticed Nikola
 36467 | Spider:3 | Killed Nikola
 36920 | Spider:3 | Reached skill level 16 in Armour
 37141 | Spider:4 | Entered Level 4 of the Spider Nest
 37260 | Spider:4 | Gained Arbeogh as an ally
 37260 | Spider:4 | Reached skill level 9 in Invocations
 37315 | Spider:4 | Reached skill level 12 in Fighting
 37650 | Spider:4 | Gained Murdo as an ally
 37805 | Spider:4 | Got a gossamer rune of Zot
 38675 | Vaults:3 | Reached skill level 10 in Invocations
 38695 | Vaults:3 | Reached XP level 19. HP: 100/162 MP: 19/26
 39103 | Vaults:3 | Noticed Saint Roka
 39127 | Vaults:3 | Killed Saint Roka
 39433 | Vaults:3 | Noticed Margery
 39688 | Vaults:3 | Reached skill level 13 in Fighting
 39701 | Vaults:3 | Reached skill level 11 in Translocations
 40249 | Vaults:3 | Killed from afar by Margery

Vanquished Creatures
  Saint Roka (Vaults:3)
  Nikola (Spider:3)
  Gastronok (Lair:3)
  A thorn hunter (Swamp:4)
  4 vault wardens
  4 ghost moths
  5 emperor scorpions
  6 ironheart preservers
  The ghost of nikopol the Severer, a journeyman HOBe of Trog (Lair:6)
  6 entropy weavers
  2 spark wasps
  A deep elf death mage (Vaults:2)
  A fire dragon (Lair:6)
  6 vault guards
  A yaktaur captain (Vaults:1)
  17 hydras
  A rakshasa (Vaults:3)
  A death knight (Vaults:1)
  2 ghost crabs (Swamp:3)
  3 ogre magi
  5 centaur warriors
  An alligator (Swamp:4)
  A death yak (Lair:4)
  Nergalle (Lair:2)
  2 fire crabs
  8 skeletal warriors
  4 hell knights (Vaults:3)
  An unseen horror (D:15)
  2 shadow wraiths
  6 deep trolls
  3 spriggan druids
  10 swamp dragons
  A shambling mangrove (Swamp:4)
  3 ironbrand convokers
  3 wizards
  6 hill giants
  2 deep elf archers (Vaults:2)
  7 harpies
  10 orb spiders
  2 necromancers (Vaults:3)
  2 orc knights
  2 orc sorcerers
  20 wolf spiders
  A deep elf mage (Vaults:3)
  3 ugly things
  9 elephants
  An elephant (shapeshifter) (Vaults:2)
  2 moths of wrath (Spider:1)
  2 black mambas
  11 vault sentinels
  2 torpor snails
  15 spiny frogs
  A rime drake (Lair:6)
  A gargoyle (D:10)
  8 demonic crawlers
  4 komodo dragons
  8 yaktaurs
  2 freezing wraiths
  2 meliai (shapeshifter)
  28 jumping spiders
  A polar bear (Lair:5)
  3 trolls
  A queen bee (Lair:1)
  2 tyrant leeches
  4 two-headed ogres
  20 slime creatures
  12 hornets
  3 dream sheep
  6 blink frogs
  8 bog bodies
  A dream sheep (shapeshifter) (Vaults:1)
  6 hippogriffs
  23 tarantellas
  59 redbacks
  2 shadows
  2 wyverns
  A wraith (Vaults:1)
  5 basilisks
  16 yaks
  Eustachio (D:5)
  A hungry ghost (D:9)
  2 steam dragons (Lair:6)
  2 vampire mosquitoes (Swamp:2)
  5 wargs
  4 mottled dragons
  4 insubstantial wisps (Swamp:1)
  2 soldier ants
  10 swamp worms
  6 sky beasts
  8 porcupines
  6 orc warriors
  11 water moccasins
  12 swamp drakes
  2 eyes of draining
  A phantom (D:14)
  3 ice beasts
  2 boggarts (Vaults:2)
  17 centaurs
  15 ogres
  A necrophage (D:12)
  A wolf (Lair:4)
  6 crocodiles
  2 big kobolds
  13 bullfrogs
  A gnoll sergeant (D:8)
  4 scorpions
  20 killer bees
  11 wights
  3 howler monkeys
  3 electric eels
  4 centaur zombies
  4 crimson imps
  2 quasits
  4 hounds
  A gnoll shaman (D:8)
  4 jellies
  12 orc wizards
  A centaur skeleton (D:10)
  13 orc priests
  A bullfrog skeleton (D:5)
  4 iguanas
  4 worker ants
  2 hound skeletons
  A howler monkey zombie (D:5)
  A worker ant zombie (D:8)
  14 adders
  8 gnolls (D:8)
  2 shadow imps
  5 oozes
  2 worms
  2 dart slugs
  3 leopard geckos
  17 orcs
  2 ball pythons
  6 bats
  A giant cockroach (D:2)
  13 goblins
  13 hobgoblins
  5 jackals
  4 quokkas
  3 frilled lizards
  32 kobolds
  6 rats
  A briar patch (Swamp:4)
  A plant (Lair:5)
  2 withered plants (D:15)
821 creatures vanquished.

Vanquished Creatures (collateral kills)
  Xtahua (Vaults:2)
  Rupert (D:15)
  A ghost moth (Spider:4)
  6 vault wardens
  An emperor scorpion (Spider:1)
  2 ironheart preservers
  An entropy weaver (Vaults:2)
  The ghost of Galewind the Eclecticist, a journeyman DECj of Vehumet (Lair:5)
  The ghost of Inkary the Wallflower, a journeyman DsFi of Uskayaw (Lair:4)
  An ettin (Orc:2)
  3 yaktaur captains
  Harold (Lair:3)
  6 hydras
  Fannar (Lair:2)
  An ice dragon (Vaults:3)
  A ghost crab (Swamp:3)
  6 vault guards
  2 centaur warriors
  2 dancing weapons (D:14)
  2 ogre magi
  A death knight (D:15)
  The ghost of Oozefury the Arsonist, a journeyman DEFE of Sif Muna (D:12)
  A deep troll shaman (Vaults:2)
  A death yak (Lair:4)
  5 alligators
  A deep troll earth mage (Vaults:1)
  3 orc high priests
  Sonja (Lair:3)
  The ghost of skk the Covert, a novice OpEn of Dithmenos (D:9)
  6 skeletal warriors
  A glowing orange brain (Vaults:2)
  A swamp dragon (Swamp:1)
  A spriggan druid (Swamp:3)
  A wizard (Vaults:3)
  A shambling mangrove (Swamp:4)
  A flayed ghost (D:15)
  3 deep trolls (Vaults:1)
  4 ironbrand convokers
  A necromancer (D:15)
  4 hill giants
  5 wolf spiders
  2 orc sorcerers
  5 orc knights
  3 cyclopes
  10 ugly things
  4 black mambas
  8 elephants
  A centaur zombie (D:13)
  7 orc warriors
  A vault sentinel (Vaults:1)
  2 gargoyles
  A centaur skeleton (D:14)
  4 spiny frogs
  A kobold demonologist (D:15)
  A demonic crawler (Spider:2)
  2 spriggan zombies (D:15)
  2 rime drakes
  An efreet (D:13)
  A komodo dragon (Lair:5)
  13 yaktaurs
  A troll (D:15)
  2 jumping spiders
  A meliai (shapeshifter) (Vaults:1)
  3 two-headed ogres
  3 bog bodies
  5 hornets
  8 slime creatures
  6 hippogriffs
  10 dream sheep
  2 deep troll zombies (D:15)
  10 blink frogs
  4 redbacks
  4 spriggans
  24 yaks
  4 basilisks
  A wraith (Vaults:1)
  7 tarantellas
  A wyvern (D:13)
  3 vampire mosquitoes (Swamp:1)
  2 steam dragons
  A mottled dragon (D:15)
  4 wargs
  6 insubstantial wisps
  5 water moccasins
  3 swamp worms
  5 porcupines
  3 swamp drakes
  A black bear (D:13)
  2 eyes of draining (D:15)
  An ice beast (D:13)
  A phantom (D:9)
  A sky beast (D:13)
  A black bear (shapeshifter) (D:14)
  4 ogres
  A boggart (Vaults:2)
  9 centaurs
  4 wolves (Lair:4)
  9 crocodiles
  2 bullfrogs
  9 killer bees (Lair:1)
  A human simulacrum (Vaults:1)
  3 crimson imps
  A bullfrog zombie (D:8)
  6 orc priests
  3 hounds
  A jelly (D:8)
  3 worker ants
  2 iguanas
  8 orc wizards
  2 gnolls (D:8)
  An adder (D:10)
  An ooze (D:8)
  8 orcs
  A jackal (D:9)
  12 fungi
  14 plants
  7 withered plants (D:15)
401 creatures vanquished.

Vanquished Creatures (others)
  3 orc high priests
  A spriggan (Swamp:3)
  14 orc knights
  A swamp dragon (Vaults:1)
  An orb spider (Spider:2)
  An orc sorcerer (Vaults:1)
  A jumping spider (Spider:2)
  A hornet (Swamp:3)
  21 orc warriors
  A basilisk (Lair:6)
  17 orc wizards
  An ogre (Vaults:2)
  21 orc priests
  56 orcs
  A hobgoblin (D:3)
  A frilled lizard (D:3)
  A leopard gecko skeleton (D:6)
  5 briar patches (Swamp:4)
  3 fungi
  12 plants
  3 withered plants (D:15)
166 creatures vanquished.

Grand Total: 1388 creatures vanquished
